 Dungeon Crawl Stone Soup version 0.27-a0-404-g4390dbc5be (webtiles) character file.

Game seed: 1812492965048831509

142 Nattfarinn the Grave Robber (level 5, 0/42 HPs)
             Began as a Deep Dwarf Necromancer on Feb 22, 2021.
             Slain by Menkaure (11 damage)
             ... on level 4 of the Dungeon.
             The game lasted 00:10:55 (3577 turns).

Nattfarinn the Grave Robber (DDNe)                  Turns: 3577, Time: 00:10:55

Health: 0/42       AC:  6    Str: 12    XL:     5   Next: 3%
Magic:  9/9        EV: 12    Int: 16    God:
Gold:   186        SH:  0    Dex: 13    Spells: 4/9 levels left

rFire    + + .     SeeInvis .   g - +0 club
rCold    x . .     Faith    .   (no shield)
rNeg     . . .     Spirit   .   o - +1 leather armour {rF+}
rPois    .         Reflect  .   (no helmet)
rElec    .         Harm     .   (no cloak)
rCorr    +         Rampage  .   (no gloves)
Will     .....                  r - +1 pair of boots
Stlth    ++........             (no amulet)
HPRegen  0.00/turn              q - ring of resist corrosion
MPRegen  0.11/turn              n - ring of fire

@: non-regenerating, hasted, very quick
A: damage resistance, heal wounds, sense surroundings 1, no regeneration
a: Heal Wounds


You were on level 4 of the Dungeon.
You visited 1 branch of the dungeon, and saw 4 of its levels.

You collected 186 gold pieces.

Inventory:

Hand Weapons
 g - a +0 club (weapon)
Armour
 a - a +0 robe
 i - a +0 kite shield
 k - a +0 leather armour
 o - a +1 leather armour of fire resistance (worn)
 r - a +1 pair of boots (worn)
Jewellery
 n - a ring of fire (right hand)
 q - a ring of resist corrosion (left hand)
Scrolls
 c - 3 scrolls of teleportation
 e - a scroll of enchant armour
 h - a scroll of magic mapping
 j - 2 scrolls of blinking
Potions
 b - 2 potions of magic {unknown}
 d - a potion of mutation {unknown}
 m - 2 potions of attraction
 p - 2 potions of heal wounds


   Skills:
 - Level 2.1 Dodging
 - Level 2.4 Stealth
 + Level 2.9 Spellcasting
 * Level 6.2 Necromancy


You had 4 spell levels left.
You knew the following spells:

 Your Spells              Type           Power        Failure   Level
a - Pain                  Necr           88%          1%          1
b - Animate Skeleton      Necr           44%          1%          1
c - Vampiric Draining     Necr           11%          5%          3

Your spell library contained the following spells:

 Spells                   Type           Power        Failure   Level
 Animate Dead             Necr           11%          19%         4
 Agony                    Necr           22%          45%         5


Dungeon Overview and Level Annotations

Branches:
Dungeon (4/15)
 Temple: D:4-7

Altars:
Gozag
Makhleb
The Shining One

Annotations:
D:3 Grinder
D:4 Menkaure


Innate Abilities, Weirdness & Mutations

You are resistant to damage.
You can heal yourself by infusing magical energy.
You passively map a small area around you.
You do not regenerate.


Message History

The hound misses you.
The hound is heavily wounded.
You feel life coursing into your body. The hound bites you.
The hound closely misses you.
You kill the hound!
You feel life coursing into your body.
You have reached level 5!
You start resting.
Magic restored.
l - a scroll labelled YMOR GEAFOVUIT Menkaure, Prince of Dust comes into view.
Okay, then.
You aren't carrying any items that you can evoke.
Okay, then.
As you read the scroll labelled OTEITURPHAP, it crumbles to dust.
You assume a fearsome visage.
Menkaure is unaffected.
It was a scroll of fear.
As you read the scroll labelled YMOR GEAFOVUIT, it crumbles to dust.
The scroll dissolves into smoke.
It was a scroll of fog.
You see here a scroll of enchant armour.
e - a scroll of enchant armour It was a potion of haste.
You feel yourself speed up. Menkaure barely misses you.
You hit Menkaure.
Menkaure is lightly damaged.
You hit Menkaure but do no damage.
Menkaure is lightly damaged.
Menkaure hits you!!
You hit Menkaure but do no damage.
Menkaure is lightly damaged.
Menkaure completely misses you.
Your leather armour prevents you from hitting Menkaure.
Menkaure is lightly damaged.
You hit Menkaure.
Menkaure is moderately damaged.
Menkaure hits you!
* * * LOW HITPOINT WARNING * * *
You hit Menkaure but do no damage.
Menkaure is moderately damaged.
Menkaure hits you!
You die...

## #. #...#.........
,
...#.###....##......
#.#........########
, *######....##....#
..............#[.#
......>....#.###..#
* ..$...§§§....#
#.(.,**
,,...$.§§§##...#
###. .....§M@§§.#.#
. , .....§§§####.#*
** .....§§§# #..,**
* .##.###.* ###. ..
* #. ## .. * #. * .
#. * , .. * *


You could see Menkaure.

Vanquished Creatures
  A hound (D:4)
  A gnoll (D:2)
  An adder (D:2)
  An ooze (D:2)
  A worm (D:2)
  2 dart slugs
  2 leopard geckos
  7 orcs (D:3)
  4 bats
  4 giant cockroaches
  6 goblins
  7 hobgoblins
  7 jackals
  6 kobolds
  3 quokkas
  9 frilled lizards
  5 rats
67 creatures vanquished.

Notes
Turn   | Place    | Note
-------+----------+-------------------------------------------
     0 | D:1      | Nattfarinn the Deep Dwarf Necromancer began the quest for
                  | the Orb.
     0 | D:1      | Reached XP level 1. HP: 15/15 MP: 3/3
   292 | D:1      | Reached XP level 2. HP: 22/22 MP: 3/5
   310 | D:1      | Learned a level 1 spell: Animate Skeleton
   920 | D:2      | Reached skill level 5 in Necromancy
  1027 | D:2      | Reached XP level 3. HP: 25/28 MP: 2/6
  1237 | D:2      | Learned a level 3 spell: Vampiric Draining
  1985 | D:2      | Noticed a phantom
  2231 | D:2      | Reached XP level 4. HP: 35/36 MP: 2/7
  2464 | D:3      | Found a glowing golden altar of the Shining One.
  2548 | D:3      | Found a burning altar of Makhleb.
  2585 | D:3      | Noticed Grinder
  2607 | D:3      | Found an opulent altar of Gozag.
  3164 | D:3      | Reached skill level 6 in Necromancy
  3341 | D:3      | Paralysed by Grinder for 3 turns
  3499 | D:4      | Reached XP level 5. HP: 42/42 MP: 2/9
  3566 | D:4      | Noticed Menkaure
  3577 | D:4      | Slain by Menkaure

Illustrated notes

Levels and vault maps discovered:
D:1:      mrwooster_arrival_arrow, layout_loops_ring, minivault_4,
          serial_bayou_crossing
D:2:      minmay_thinvault, layout_basic
D:3:      layout_basic, nicolae_gozag_seed_capital, grunt_temple_overflow_open,
          uniq_grinder
D:4:      layout_rooms, temple_statues, amcnicky_altar_gilded, uniq_menkaure

Skill      XL: |  1  2  3  4 |
---------------+-------------+-----
Spellcasting   | 2 |  2.9
Necromancy     | 5 6 |  6.2
Dodging        | |  2.1
Stealth        | |  2.4

Action                   |  1- 3 |  4- 6 || total
-------------------------+-------+-------++-------
Melee: Unarmed           |     6 |       ||     6
       Club              |    26 |    28 ||    54
 Cast: Pain              |    54 |    36 ||    90
       Vampiric Draining |    10 |     7 ||    17
       Animate Skeleton  |       |     2 ||     2
  Use: Scroll            |       |     9 ||     9
       Potion            |       |     1 ||     1
 Stab: Distracted        |     1 |       ||     1
       Sleeping          |     1 |       ||     1
Armor: Robe              |     4 |       ||     4
       Leather armour    |    12 |    13 ||    25
Dodge: Dodged            |    40 |    30 ||    70

Table legend: (Time is in decaauts)
 A = Elapsed time spent in this place.
 B = Non-inter-level travel time spent in this place.
 C = Inter-level travel time spent in this place.
 D = Time resting spent in this place.
 E = Time spent auto-exploring this place.
 F = Levels seen in this place.
 G = Mean time per level.
                   A        B        C        D        E       F      G
               +--------+--------+--------+--------+--------+-----+--------+
         Total |   3593 |   3460 |    133 |    699 |   2145 |   4 |  898.2 |
       Dungeon |   3593 |   3460 |    133 |    699 |   2145 |   4 |  898.2 |
               +--------+--------+--------+--------+--------+-----+--------+

Top non-repeatable levels by time:
     D:2: 1504 daAuts
     D:3: 1018 daAuts
     D:1: 862 daAuts
     D:4: 207 daAuts
